 Dungeon Crawl Stone Soup version 0.28.0-53-g5a82cb258f (webtiles) character file.

Game seed: 17348661046223081840

93 Infinimo the Skirmisher (level 4, -2/49 HPs)
             Began as an Ogre Berserker on June 4, 2022.
             Was a Follower of Trog.
             Slain by a gnoll
             ... wielding a +0 halberd of protection
              (4 damage)
             ... on level 3 of the Dungeon.
             The game lasted 00:02:01 (2341 turns).

Infinimo the Skirmisher (Ogre Berserker)            Turns: 2341, Time: 00:02:01

Health: -2/49      AC:  3    Str: 23    XL:     4   Next: 62%
Magic:  4/4        EV: 10    Int:  8    God:    Trog [*.....]
Gold:   106        SH:  0    Dex:  8    Spells: 3/3 levels left

rFire   . . .      SeeInvis .   a - +0 mace
rCold   . . .      Faith    .   (no shield)
rNeg    . . .      Spirit   .   b - +0 animal skin
rPois   .          Reflect  .   (helmet restricted)
rElec   .          Harm     .   (no cloak)
rCorr   .          Rampage  .   (gloves unavailable)
Will    .....                   (boots unavailable)
Stlth   +.........              (no amulet)
HPRegen 0.16/turn               (no ring)
MPRegen 0.09/turn               (no ring)

@: on berserk cooldown, slowed, very slow
A: large, unfitting armour, tough skin 1
a: Renounce Religion, Berserk


You were on level 3 of the Dungeon.
You worshipped Trog.
Trog was aware of your devotion.
You visited 1 branch of the dungeon, and saw 3 of its levels.

You collected 106 gold pieces.

Inventory:

Hand Weapons
 a - a +0 mace (weapon)
Missiles
 d - 2 poisoned darts (quivered)
Armour
 b - a +0 animal skin (worn)
Jewellery
 f - a ring of protection from cold
Potions
 c - a potion of mutation
 e - a potion of magic {unknown}
 g - a potion of invisibility {unknown}
 i - a potion of heal wounds {unknown}
 j - a potion of flight {unknown}


   Skills:
 + Level 4.9 Fighting
 * Level 3.9 Maces & Flails
 + Level 3.3 Dodging


You had 3 spell levels left.
You didn't know any spells.
Your spell library was empty.

Dungeon Overview and Level Annotations

Branches:
Dungeon (3/15)

Altars:

Shops:
D:1 *


Innate Abilities, Weirdness & Mutations

You are too large for most types of armour.
You have tough skin. (AC +1)


Message History

You barely miss the gnoll. The gnoll barely misses you.
The gnoll hits you with a +0 whip.
You barely miss the gnoll. The gnoll barely misses you.
The gnoll hits you with a +0 whip.
You thump the gnoll!
The gnoll is almost dead.
The gnoll hits you from afar with a +0 halberd of protection!
The gnoll hits you with a +0 whip.
You are too injured to fight recklessly!
You are too injured to fight recklessly!
You are too injured to fight recklessly!
You barely miss the gnoll.
The gnoll is almost dead.
You thump the gnoll!
You kill the gnoll!
Trog accepts your kill. The gnoll barely misses you.
You are no longer berserk.
You are exhausted.
You feel yourself slow down.
The gnoll hits you with a +0 halberd of protection.
You see here a +0 whip.
You barely miss the gnoll.
The gnoll hits you with a +0 halberd of protection!
* * * LOW HITPOINT WARNING * * *
The gnoll closely misses you.
You aren't carrying any scrolls.
It was a potion of curing.
You feel better.
The gnoll hits you with a +0 halberd of protection!
* * * LOW HITPOINT WARNING * * *
You feel better. The gnoll barely misses you. x2
You sock the gnoll!
The gnoll is severely wounded.
The gnoll barely misses you.
You hit the gnoll.
The gnoll is almost dead.
The gnoll hits you with a +0 halberd of protection.
* * * LOW HITPOINT WARNING * * *
The gnoll hits you with a +0 halberd of protection.
You die...

# ##. ....
.....
.....g#####
....ggg...#
.....g###g#
..... #g#
.... #@#
..g #)# ..
#.# . #.#
#.# #.# #.#
#.# #.#


You could see 2 gnolls.

Vanquished Creatures
  4 gnolls (D:3)
  An adder (D:2)
  2 dart slugs (D:2)
  5 endoplasms
  2 giant cockroaches
  6 goblins
  2 hobgoblins (D:1)
  A quokka (D:1)
  3 ball pythons (D:1)
  3 bats
  A frilled lizard (D:1)
  7 kobolds
  6 rats
43 creatures vanquished.

Vanquished Creatures (others)
  2 plants (D:1)
2 creatures vanquished.

Grand Total: 45 creatures vanquished

Notes
Turn   | Place    | Note
-------+----------+-------------------------------------------
     0 | D:1      | Infinimo the Ogre Berserker began the quest for the Orb.
     0 | D:1      | Reached XP level 1. HP: 24/24 MP: 1/1
   226 | D:1      | Reached XP level 2. HP: 27/32 MP: 2/2
   897 | D:1      | Reached XP level 3. HP: 40/40 MP: 3/3
  1056 | D:1      | Found Miur's Assorted Antiques.
  1213 | D:1      | Found a faded altar of an unknown god.
  2323 | D:3      | Reached XP level 4. HP: 49/49 MP: 4/4
  2338 | D:3      | HP: 2/49 [gnoll/+0 halberd of protection (11)]
  2341 | D:3      | Slain by a gnoll

Illustrated notes

Levels and vault maps discovered:
D:1:      saegor_arrival_simple_d, layout_loops_corners, serial_shops,
          nicolae_shop_overgrown_old_shop, shapermc_ecumenical_altar_mp_vishouse
D:2:      layout_basic, grunt_ministairs_3, serial_bayou_lake_a
D:3:      lemuel_castle_with_subvaults [lemuel_castle_interior_carwin_2],
          layout_basic, uniq_crazy_yiuf_cottage, uniq_jessica

Skill      XL: |  1  2 |
---------------+-------+-----
Maces & Flails | 3 |  3.9
Dodging        | 3 |  3.3
Fighting       | |  4.9

Action                   |  1- 3 |  4- 6 || total
-------------------------+-------+-------++-------
Melee: Mace              |   120 |    15 ||   135
       Punch             |     2 |       ||     2
Invok: Berserk           |     3 |       ||     3
  Use: Scroll            |     4 |       ||     4
       Potion            |       |     2 ||     2
Armor: Animal skin       |    46 |       ||    46
Dodge: Dodged            |    70 |    10 ||    80
